 Dungeon Crawl Stone Soup version 0.30-a0-867-g305f33218d (webtiles) character file.

Game seed: 15867732494936040638

1474599 loopz the Slayer (level 27, 209/209 HPs)
             Began as an Octopode Transmuter on Mar 10, 2023.
             Was a High Priest of Okawaru.
             Escaped with the Orb
             ... and 3 runes!
             The game lasted 04:17:14 (87671 turns).

loopz the Slayer (Octopode Transmuter)             Turns: 87671, Time: 04:17:14

Health: 209/209    AC:  5    Str: 26      XL:     27
Magic:  37/37      EV: 26    Int: 24 (27) God:    Okawaru [*****.]
Gold:   312        SH: 34    Dex: 18 (20) Spells: 7/46 levels left

rFire   + + .      SeeInvis .      - Unarmed
rCold   + + +      Faith    .    Y - +8 tower shield
rNeg    . . .      Spirit   .    w - +0 hat of Rufel {god gift, rC++ rCorr}
rPois   .          Reflect  +    J - amulet of reflection
rElec   +          Rampage  .    k - ring of the Swan {rElec Int+2 Slay+4}
rCorr   +                        z - ring "Umef" {Fly rElec rF+ Slay+3}
Will    ++++.                    Z - +4 ring of protection
Stlth   +++                      s - +6 ring of intelligence
HPRegen 0.54/turn                N - +5 ring of evasion
MPRegen 0.25/turn                U - ring of Archulah {*Slow rC++ Will+ Str+6}
                                 n - ring of Divine Compulsion {rF+ Will+ rCorr}
                                 P - ring "Ajabil" {Str+6 Int+4}

@: flying, studying Fire Magic
A: almost no armour, amphibious, 8 rings, camouflage 1, gelatinous body 1,
(nimble swimmer 1), tentacles, deterioration 1, dopey 1, sense surroundings 1
0: Orb of Zot
}: 3/15 runes: decaying, silver, gossamer
a: Renounce Religion, Heroism, Finesse, Duel


You escaped.
You worshipped Okawaru.
Okawaru was extremely pleased with you.
You visited 10 branches of the dungeon, and saw 48 of its levels.
You also visited: Gauntlet, Ice Cave and Volcano.

You collected 7146 gold pieces.
You spent 6834 gold pieces at shops.

Inventory:

Hand Weapons
 b - a +9 hand crossbow of freezing {god gift}
Missiles
 e - 7 curare-tipped darts (quivered)
Armour
 r - the +4 kite shield of the Vestibule of Hell {god gift, rF+ Str+3}
   (Okawaru gifted it to you on level 15 of the Dungeon)

   Str:       It affects your strength (+3).
   rF:        It protects you from fire.
 w - the +0 hat of Rufel (worn) {god gift, rC++ rCorr}
   (Okawaru gifted it to you on level 1 of the Swamp)

   rC:        It greatly protects you from cold.
   rCorr:     It protects you from acid and corrosion.
 Y - a +8 tower shield (worn)
Jewellery
 c - a ring of protection from fire
 d - a ring of see invisible
 k - the ring of the Swan (left tentacle) {rElec Int+2 Slay+4}
   (You acquired it on level 3 of the Depths)

   [ring of slaying]

   Int:       It affects your intelligence (+2).
   Slay:      It affects your accuracy & damage with ranged weapons and melee
   (+4).
   rElec:     It insulates you from electricity.
 l - the ring of Xyakleh {Contam Fly rPois rC- rCorr}
   (You found it on level 3 of the Elven Halls)

   [ring of poison resistance]

   rC:        It makes you vulnerable to cold.
   rPois:     It protects you from poison.
   Fly:       It grants you flight.
   Contam:    It causes magical contamination when unequipped.
   rCorr:     It protects you from acid and corrosion.
 n - the ring of Divine Compulsion (on tentacle) {rF+ Will+ rCorr}
   (You bought it in a shop on level 1 of the Depths)

   [ring of willpower]

   rF:        It protects you from fire.
   rCorr:     It protects you from acid and corrosion.
   Will:      It increases your willpower.
 s - a +6 ring of intelligence (on tentacle)
 z - the ring "Umef" (right tentacle) {Fly rElec rF+ Slay+3}
   (You bought it in a shop on level 3 of the Elven Halls)

   [ring of flight]

   Slay:      It affects your accuracy & damage with ranged weapons and melee
   (+3).
   rF:        It protects you from fire.
   rElec:     It insulates you from electricity.
   Fly:       It grants you flight.
 E - a ring of protection from fire
 G - a +5 ring of evasion
 J - an amulet of reflection (around mantle)
 L - the ring "Lunniusu" {Ice +Blink Will+}
   (You found it on level 5 of the Vaults)

   [ring of ice]

   It enhances your ice magic.
   rF:        It makes you vulnerable to fire.
   rC:        It protects you from cold.
   +Blink:    It lets you blink.
   Will:      It increases your willpower.
 N - a +5 ring of evasion (on tentacle)
 P - the ring "Ajabil" (on tentacle) {Str+6 Int+4}
   (You found it in a Gauntlet)

   [ring of strength]

   Str:       It affects your strength (+6).
   Int:       It affects your intelligence (+4).
 S - a ring of positive energy
 U - the ring of Archulah (on tentacle) {*Slow rC++ Will+ Str+6}
   (You found it on level 4 of the Lair of Beasts)

   [ring of strength]

   Str:       It affects your strength (+6).
   rC:        It greatly protects you from cold.
   *Slow:     It may slow you when you take damage.
   Will:      It increases your willpower.
 Z - a +4 ring of protection (on tentacle)
Wands
 f - a wand of mindburst (9)
 p - a wand of quicksilver (34)
 q - a wand of digging (7)
 R - a wand of iceblast (61)
Scrolls
 h - 18 scrolls of teleportation
 u - 8 scrolls of poison
 B - 9 scrolls of immolation
 C - 7 scrolls of fog
 D - 4 scrolls of amnesia
 H - 4 scrolls of enchant armour
 M - 5 scrolls of torment
 O - 4 scrolls of blinking
 T - 5 scrolls of fear
 X - a scroll of magic mapping
Potions
 a - 6 potions of lignification
 g - 3 potions of invisibility
 i - 5 potions of attraction
 j - 10 potions of might
 o - 4 potions of curing
 t - 6 potions of brilliance
 A - 9 potions of magic
 F - 3 potions of berserk rage
 I - 8 potions of flight
 Q - a potion of haste
 V - 2 potions of resistance
 W - 4 potions of mutation
Miscellaneous
 v - a lightning rod (4/4)
 x - a phial of floods
 y - a condenser vane
 K - a tin of tremorstones (2/2)


   Skills:
 + Level 22.6 Fighting
 - Level 13.4 Ranged Weapons
 - Level 2.0 Throwing
 - Level 15.0 Dodging
 - Level 15.0 Stealth
 - Level 17.0 Shields
 - Level 20.0 Unarmed Combat
 - Level 10.0 Spellcasting
 - Level 5.0 Conjurations
 - Level 5.0 Hexes
 - Level 7.0 Translocations
 - Level 15.0 Transmutations
 - Level 3.0 Ice Magic
 - Level 2.0 Air Magic
 - Level 12.0 Earth Magic
 - Level 8.0 Poison Magic
 - Level 15.0 Invocations
 - Level 15.0 Evocations


You had 7 spell levels left.
You knew the following spells:

 Your Spells              Type           Power      Damage    Failure   Level
a - Beastly Appendage     Tmut           100%       N/A       1%          1
b - Wereblood             Tmut           71%        N/A       1%          2
c - Spider Form           Tmut/Pois      61%        N/A       1%          3
d - Lee's Rapid Deconstr  Erth           31%        3d16*     3%          5
e - Statue Form           Tmut/Erth      44%        N/A       9%          6
f - Poisonous Vapours     Pois/Air       72%        N/A       3%          2
g - Passwall              Tmut/Erth      55%        N/A       1%          2
h - Olgreb's Toxic Radia  Pois           50%        N/A       5%          4
i - Manifold Assault      Tloc           45%        N/A       9%          4
j - Irradiate             Conj/Tmut      28%        3d21      7%          5
k - Portal Projectile     Hex/Tloc       80%        N/A       3%          3
J - Blink                 Tloc           90%        N/A       1%          2

Your spell library contained the following spells:

 Spells                   Type           Power      Damage    Failure   Level
 Magic Dart               Conj           100%       1d8       1%          1
 Sandblast                Erth           100%       2d20      1%          1
 Sting                    Tmut/Pois      100%       1d8       1%          1
 Lesser Beckoning         Tloc           90%        N/A       1%          2
 Ignite Poison            Fire/Tmut/Pois 48%        N/A       1%          3
 Stone Arrow              Conj/Erth      100%       3d13      1%          3
 Petrify                  Tmut/Erth      67%        N/A       1%          4
 Blade Hands              Tmut           35%        N/A       1%          5
 Ice Form                 Ice/Tmut       53%        N/A       3%          4
 Ensorcelled Hibernation  Hex/Ice        62%        N/A       4%          2
 Foxfire                  Conj/Fire      96%        2x1d8     5%          1
 Kiss of Death            Conj/Necr      96%        2d12      5%          1
 Static Discharge         Conj/Air       56%        2-5/arc   5%          2
 Confusing Touch          Hex            36%        N/A       6%          3
 Dazzling Flash           Conj/Hex       72%        N/A       6%          3
 Mephitic Cloud           Conj/Pois/Air  36%        N/A       6%          3
 Vhi's Electric Charge    Tloc/Air       66%        N/A       7%          3
 Hailstorm                Conj/Ice       31%        3d8       9%          3
 Kindle Blastsparks       Fire/Tloc/Air  52%        2d14      13%         3
 Iskenderun's Mystic Bla  Conj/Tloc      40%        2d9       13%         4
 Fulminant Prism          Conj/Hex       18%        3d10      19%         4
 Swiftness                Air            21%        N/A       21%         3
 Scorch                   Fire           24%        2d6       22%         2
 Sublimation of Blood     Necr           12%        N/A       22%         2
 Dragon Form              Tmut           35%        N/A       26%         7
 Anguish                  Hex/Necr       12%        N/A       47%         4
 Flame Wave               Conj/Fire      24%        2d8       47%         4
 Sticky Flame             Conj/Fire      24%        2d5       47%         4
 Iron Shot                Conj/Erth      25%        9d5       56%         6
 Metabolic Englaciation   Hex/Ice        15%        N/A       63%         5
 Arcjolt                  Conj/Air       14%        1d24      69%         5
 Lightning Bolt           Conj/Air       14%        1d27      69%         5
 Silence                  Hex/Air        14%        N/A       69%         5
 Freezing Cloud           Conj/Ice/Air   13%        6-21      73%         5
 Dispel Undead            Necr           12%        3d9       83%         4
 Storm Form               Tmut/Air       25%        N/A       98%         7
 Agony                    Necr           12%        N/A       99%         5
 Ozocubu's Refrigeration  Ice            13%        4d10      100%        7
 Ignition                 Fire           6%         3d4       100%        8
 Lehudib's Crystal Spear  Conj/Erth      25%        10d7      100%        8
 Maxwell's Capacitive Co  Air            10%        ∞         100%        8
 Tukima's Dance           Hex            Unusable   N/A       N/A         3
 Animate Armour           Summ/Erth      Unusable   N/A       N/A         4
 Call Imp                 Summ           Unusable   N/A       N/A         2
 Simulacrum               Ice/Necr       Unusable   N/A       N/A         6
 Summon Cactus Giant      Summ           Unusable   N/A       N/A         6
 Malign Gateway           Summ/Tloc      Unusable   N/A       N/A         7
 Infestation              Necr           Unusable   N/A       N/A         8

Dungeon Overview and Level Annotations

Branches:
Dungeon (15/15)            Temple (1/1) D:4            Lair (5/5) D:11
  Swamp (4/4) Lair:2       Spider (4/4) Lair:3        Slime (0/5) Lair:4
    Orc (2/2) D:9             Elf (3/3) Orc:2        Vaults (5/5) D:14
  Crypt (0/3) Vaults:3     Depths (4/4) D:15            Zot (5/5) Depths:4
  IceCv (visited)         Volcano (visited)         Gauntlet (visited)

Altars:
Ashenzari
Cheibriados
Dithmenos
Elyvilon
Fedhas
Gozag
Hepliaklqana
Kikubaaqudgha
Makhleb
Nemelex Xobeh
Okawaru
Qazlal
Ru
Sif Muna
Trog
Uskayaw
Vehumet
Wu Jian
Xom
Yredelemnul
Zin
The Shining One
Lugonu

Shops:
D:5 :   D:15 =   Orc:2 [=[*(   Elf:1 ****   Elf:2 [   Elf:3 :?=   Vaults:5 [!
Depths:1 *=:=   Depths:2 ?==

Portals:
Hell: Depths:1 Depths:2 Depths:3 Depths:4
Abyss: Depths:1 Depths:3
Pandemonium: Depths:1 Depths:2
Ziggurat: Depths:1

Annotations:
Elf:2 1 runed translucent door
Zot:4 1 runed translucent door, Meadakhi's ghost, master DgEE


Innate Abilities, Weirdness & Mutations

You cannot wear most types of armour.
You are amphibious.
You can wear up to eight rings at the same time.
Your skin changes colour to match your surroundings (Stealth+).
Your rubbery body absorbs attacks. (AC +1, EV +1)
((You are camouflaged when in or above water. (Stealth+)))
You have tentacles for arms and can constrict up to eight enemies at once.
Your body sometimes deteriorates upon taking damage.
You are dopey. (Int -2)
You passively map a small area around you.


Message History

There is a stone staircase leading up here.
You fly upwards.
There is a stone staircase leading down here.
Your transformation is almost over.
Unknown command.
Casting: Statue Form (mildly dangerous; 9% risk of failure)
Confirm with . or Enter, or press ? or * to list all spells.
You extend your transformation's duration.
(D) Dungeon (T) Temple (L) Lair (S) Swamp (N) Spider Nest (M) Slime Pits (O) Orcish Mines (E) Elven Halls (V) Vaults (C) Crypt (U) Depths (H) Hell (Z) Zot
Where to? (Enter - D:1 @ (x,y), ? - help)
There is a stone staircase leading up here.
You fly upwards.
There is a stone staircase leading down here.
There is a dry fountain here.
There is an open door here.
Magic restored.
There is a fountain of clear blue water here.
There is a fountain of clear blue water here.
There is a stone staircase leading up here.
You fly upwards.
There is a stone staircase leading down here.
There is a stone staircase leading up here.
You fly upwards.
There is a stone staircase leading down here.
Your transformation is almost over.
Casting: Statue Form (mildly dangerous; 9% risk of failure)
Confirm with . or Enter, or press ? or * to list all spells.
You miscast Statue Form.
You are very lightly contaminated with residual magic.
Nothing appears to happen.
(D) Dungeon (T) Temple (L) Lair (S) Swamp (N) Spider Nest (M) Slime Pits (O) Orcish Mines (E) Elven Halls (V) Vaults (C) Crypt (U) Depths (H) Hell (Z) Zot
Where to? (Enter - D:1 @ (x,y), ? - help) HP restored.
You revert to your normal fleshy form.
Your magical contamination has completely faded away.
There is an escape hatch in the floor here.
Magic restored.
There is an open door here.
There is a staircase leading out of the dungeon here.
You have escaped!

##### ######.@.######
###.............###
#######.................########
##.....'.................'.##....
#..#####.................#.##....
..## ###.............###.######
### ###.........###......... #
###.....### #.########
###.........###.........


There were no monsters in sight!

Vanquished Creatures
  2 dread liches (Zot:5)
  7 orbs of fire (Zot:5)
  A juggernaut (Depths:4)
  A pandemonium lord (Zot:1)
  Vv (Depths:2)
  3 Killer Klowns (Zot:5)
  A curse toe (Zot:5)
  Saint Roka (Orc:1)
  9 golden dragons
  Nikola (Swamp:3)
  A bone dragon (Swamp:4)
  2 electric golems (Zot:5)
  2 Brimstone Fiends (Zot:1)
  The ghost of monoptic the Severer, an adept MiFi of the Shining One (Elf:3)
  Rupert (D:13)
  2 Ice Fiends
  15 tentacled monstrosities
  A Hell Sentinel (D:11)
  5 quicksilver dragons
  27 Orb Guardians
  Mlioglotl (Spider:1)
  9 titans
  An Executioner (D:13)
  2 deep elf blademasters (Elf:3)
  2 deep elf master archers (Elf:3)
  14 death cobs
  Gastronok (D:10)
  11 sphinxes
  11 shadow dragons
  2 ancient champions
  2 thorn hunters (Swamp:3)
  5 tengu reavers
  2 fenstrider witches
  10 storm dragons
  6 draconian monks
  14 deep elf sorcerers
  3 fire giants
  2 draconian knights (Zot:5)
  4 frost giants
  An iron dragon (Vaults:5)
  14 vault wardens
  A cacodemon (Depths:1)
  6 emperor scorpions
  The ghost of relicbr the Imperceptible, an adept SpDe of Dithmenos (Swamp:3)
  7 ghost moths
  6 draconian shifters
  4 orc warlords
  A reaper (Gauntlet)
  4 deep elf elementalists
  7 draconian scorchers
  6 draconian annihilators
  4 draconian stormcallers
  A broodmother (Spider:1)
  18 ironbound preservers
  12 very ugly things
  6 war gargoyles
  A juggernaut skeleton (Depths:1)
  9 green draconians
  11 stone giants
  6 ironbound thunderhulks
  7 black draconians
  6 deep elf annihilators
  The ghost of Omooseq the Skirmisher, a journeyman BaHu of Makhleb (Lair:4)
  21 purple draconians
  2 vampire knights
  6 deep elf demonologists (Elf:3)
  8 yellow draconians
  A minotaur (Gauntlet)
  7 white draconians
  The ghost of Newt the Markskobold, a journeyman KoHu of Hepliaklqana (Lair:5)
  8 eleionomae
  A dire elephant (Vaults:1)
  The ghost of luigi the Fighter, a journeyman DrTm of Wu Jian (Lair:1)
  A bunyip (Swamp:1)
  13 red draconians
  9 ettins
  Snorg (Lair:4)
  8 deep elf death magi
  A jiangshi (Vaults:3)
  6 spark wasps
  10 fire dragons
  3 crystal guardians
  10 great orbs of eyes
  4 deep elf high priests
  14 yaktaur captains
  A rakshasa (Depths:4)
  A shambling mangrove (Swamp:2)
  Harold (D:9)
  20 hydras
  Fannar (Orc:1)
  10 entropy weavers
  Erolcha (D:12)
  2 ghost crabs
  28 vault guards
  6 spriggan air magi
  A hell beast (Zot:2)
  5 peacekeepers
  14 ironbound frosthearts
  2 jorogumos
  9 boulder beetles
  6 ice dragons
  10 two-headed ogres
  Erica (D:10)
  15 centaur warriors
  32 dancing weapons
  A catoblepas (Lair:5)
  15 death yaks
  3 ogre magi
  7 alligators
  A hell hog (Depths:3)
  3 radroaches
  A death knight (D:13)
  2 vampire magi
  12 deep troll shamans
  An orc high priest (Orc:2)
  4 deep troll earth magi
  4 tengu warriors
  11 spriggan berserkers
  Sonja (Lair:4)
  26 hell knights
  15 deep elf knights
  2 sun demons
  3 sixfirhies (D:15)
  Nergalle (Orc:2)
  A soul eater (Depths:3)
  8 iron trolls
  7 skeletal warriors
  6 pharaoh ants
  2 shadow demons
  A spriggan druid (Swamp:1)
  A cherub (D:7)
  2 glowing orange brains
  A sun moth (Spider:2)
  4 goliath frogs
  53 deep trolls
  2 death drakes
  7 orb spiders
  9 bog bodies
  2 obsidian statues (D:15)
  7 phantasmal warriors
  17 lindwurms
  The ghost of browni3141 the Covert, a novice KoAr of Gozag (D:7)
  14 ironbound convokers
  29 deep elf zephyrmancers
  A swamp dragon (Swamp:2)
  11 deep elf archers
  9 necromancers
  10 orc knights
  4 wizards
  2 steelbarb worms (Spider:2)
  35 deep elf pyromancers
  4 manticores
  8 cyclopes
  An oklob plant (D:11)
  6 will-o-the-wisps
  35 ugly things
  14 wolf spiders
  4 orc sorcerers
  28 moths of wrath
  A frost giant skeleton (Depths:1)
  17 vault sentinels
  8 demonic crawlers
  2 rust devils (D:15)
  5 molten gargoyles
  10 black mambas
  3 ice statues
  A toenail golem (Volcano)
  7 torpor snails
  13 elephants
  2 gargoyles (D:13)
  Psyche (D:11)
  An unseen horror (D:12)
  6 orange demons
  3 rime drakes
  11 cane toads
  7 komodo dragons
  3 smoke demons
  A rime drake (shapeshifter) (Vaults:5)
  3 hellions
  An anaconda simulacrum (IceCv)
  7 efreet
  A kobold demonologist (D:14)
  2 freezing wraiths
  10 ice devils
  A tormentor (Zot:4)
  2 red devils
  2 swamp worm zombies (Swamp:4)
  3 tengu conjurers
  A queen bee (Spider:4)
  35 yaktaurs
  A yaktaur (shapeshifter) (D:14)
  2 human skeletons (Vaults:2)
  8 trolls
  A merfolk (shapeshifter) (Vaults:5)
  4 hydra zombies (Swamp:4)
  3 polar bears
  9 meliai
  28 tarantellas
  A bloated husk (Swamp:1)
  A hellwing (Depths:1)
  25 hornets
  14 tyrant leeches
  5 alligator zombies (Swamp:4)
  6 spectral swamp dragons (Swamp:4)
  An ettin zombie (Vaults:2)
  47 blink frogs
  27 jumping spiders
  2 shadows
  27 slime creatures
  18 culicivoras
  16 spriggans
  3 water elementals
  A centaur simulacrum (D:14)
  7 wyverns
  A vampire (D:11)
  30 yaks
  4 ynoxinuls
  4 basilisks
  13 fire elementals
  A chaos spawn (Depths:1)
  55 redbacks
  13 vampire mosquitoes
  7 wargs
  2 acid dragons
  18 swamp worms
  A hell hound (Gauntlet)
  A hydra simulacrum (IceCv)
  10 water moccasins
  A glowing shapeshifter skeleton (Depths:1)
  3 swamp dragon zombies (Swamp:4)
  4 swamp drakes
  43 orc warriors
  An ice beast (D:5)
  A sky beast (D:7)
  7 black bears
  A black bear (shapeshifter) (D:13)
  A human zombie (Vaults:2)
  7 boggarts
  15 ogres
  A wolf (shapeshifter) (Vaults:5)
  16 wolves
  10 centaurs
  A phantom (D:5)
  8 kobold brigands
  14 bullfrogs
  A gnoll sergeant (D:9)
  A glowing shapeshifter simulacrum (Vaults:2)
  3 two-headed ogre simulacra (IceCv)
  A scorpion (D:5)
  6 earth elementals
  8 wights
  An elephant simulacrum (IceCv)
  22 killer bees
  2 vampire bats (D:10)
  5 howler monkeys
  2 electric eels
  A lava snake (D:12)
  24 orc priests
  3 hounds
  18 jellies
  3 gnoll boudas
  2 sleepcaps
  6 iguanas
  2 iron imps (Gauntlet)
  15 orc wizards
  A spectral swamp drake (Swamp:4)
  2 polar bear simulacra (IceCv)
  2 wolf simulacra (IceCv)
  6 spriggan simulacra
  5 adders
  18 gnolls
  A naga simulacrum (IceCv)
  A swamp drake zombie (Swamp:4)
  An adder (shapeshifter) (Vaults:4)
  2 shadow imps (Gauntlet)
  3 white imps (IceCv)
  4 ufetubi
  4 worms
  5 dart slugs
  67 orcs
  4 ball pythons
  2 bat skeletons (D:10)
  3 bat zombies (D:10)
  10 endoplasms
  3 giant cockroaches
  6 goblins
  7 hobgoblins
  7 jackals
  18 kobolds
  3 quokkas
  2 bats
  2 frilled lizards
  5 rats
  2 fire vortices (Volcano)
2130 creatures vanquished.

Vanquished Creatures (others)
  2 ghost crabs (Swamp:4)
  A hell knight (Depths:1)
  A pharaoh ant (Spider:1)
  A deep elf pyromancer (Elf:3)
  A deep elf zephyrmancer (D:14)
  A phantasmal warrior (Vaults:5)
  A molten gargoyle (D:12)
  A cane toad (Lair:1)
  A hellwing (D:15)
  5 bloated husks (Swamp:4)
  A culicivora (Spider:3)
  6 phantoms (Swamp:4)
  A howler monkey (D:12)
  42 foxfires (Swamp:3)
  52 fungi
  111 plants
  7 toadstools (D:7)
235 creatures vanquished.

Grand Total: 2365 creatures vanquished

Notes
Turn   | Place    | Note
-------+----------+-------------------------------------------
     0 | D:1      | loopz the Octopode Transmuter began the quest for the Orb.
     0 | D:1      | Reached XP level 1. HP: 13/13 MP: 3/3
   102 | D:1      | Reached skill level 1 in Stealth
   243 | D:1      | Reached XP level 2. HP: 18/18 MP: 3/5
   265 | D:1      | Learned a level 2 spell: Wereblood
   369 | D:1      | Reached skill level 2 in Fighting
   691 | D:1      | Reached XP level 3. HP: 25/25 MP: 2/6
  1722 | D:2      | Learned a level 3 spell: Spider Form
  1974 | D:2      | Reached skill level 3 in Fighting
  1974 | D:2      | Reached skill level 1 in Poison Magic
  2174 | D:2      | Reached XP level 4. HP: 30/31 MP: 5/7
  2688 | D:2      | Identified the +6 quarterstaff of Redd {venom, rF+}
  2857 | D:3      | Found a bloodstained altar of Trog.
  3159 | D:3      | Found a blossoming altar of Fedhas.
  3631 | D:3      | Reached XP level 5. HP: 34/36 MP: 6/8
  4338 | D:4      | Found a hazy altar of Hepliaklqana.
  4465 | D:4      | Found a staircase to the Ecumenical Temple.
  4478 | Temple   | Entered the Ecumenical Temple
  4591 | Temple   | Became a worshipper of Warmaster Okawaru
  4912 | D:4      | Found a glowing silver altar of Zin.
  5077 | D:5      | Entered Level 5 of the Dungeon
  5307 | D:5      | Learned a level 4 spell: Ice Form
  5559 | D:5      | Reached XP level 6. HP: 26/42 MP: 5/10
  5651 | D:5      | Noticed a black bear
  5829 | D:5      | Found Upun Neu's Book Boutique.
  6194 | D:5      | Reached skill level 4 in Fighting
  6563 | D:5      | Noticed an ice beast
  6754 | D:5      | Reached * piety under Okawaru
  6755 | D:5      | Reached skill level 5 in Fighting
  7001 | D:5      | Noticed a hornet
  7012 | D:5      | Killed a hornet
  7013 | D:5      | Reached XP level 7. HP: 50/50 MP: 11/11
  7944 | D:3      | Reached skill level 5 in Unarmed Combat
  8005 | D:3      | Reached ** piety under Okawaru
  8006 | D:3      | Reached skill level 1 in Invocations
  8357 | D:5      | Reached skill level 1 in Ice Magic
  8483 | D:5      | Reached XP level 8. HP: 42/55 MP: 10/12
  9445 | D:6      | Reached skill level 5 in Stealth
 10008 | D:7      | Found a runed translucent door.
 10008 | D:7      | Noticed browni3141's ghost (novice KoAr)
 10420 | D:7      | Noticed a +0 short sword
 10421 | D:7      | Noticed a +0 dagger
 10422 | D:7      | Noticed a +0 dagger
 10422 | D:7      | Noticed a +0 spear
 10422 | D:7      | Noticed a +0 spear
 10422 | D:7      | Noticed a +0 falchion
 10422 | D:7      | Noticed a +0 falchion
 10423 | D:7      | Noticed a +0 short sword
 10469 | D:7      | Found a hide-covered altar of Uskayaw.
 10521 | D:7      | Reached *** piety under Okawaru
 10600 | D:7      | Found a white marble altar of Elyvilon.
 10687 | D:7      | Found a sparkling altar of Nemelex Xobeh.
 10964 | D:7      | Reached skill level 5 in Dodging
 11128 | D:7      | Reached XP level 9. HP: 40/61 MP: 9/13
 11354 | D:7      | Reached skill level 5 in Transmutations
 12037 | D:7      | Found a snail-covered altar of Cheibriados.
 12061 | D:7      | Reached skill level 5 in Spellcasting
 12125 | D:7      | Learned a level 6 spell: Statue Form
 12604 | D:7      | Reached skill level 1 in Earth Magic
 13014 | D:7      | Killed browni3141's ghost
 13155 | D:7      | Reached XP level 10. HP: 66/66 MP: 11/17
 13313 | D:7      | Found a white marble altar of Elyvilon.
 13362 | D:7      | Found a hide-covered altar of Uskayaw.
 13429 | D:7      | Found a snail-covered altar of Cheibriados.
 13430 | D:7      | Found a sparkling altar of Nemelex Xobeh.
 13930 | D:4      | Reached skill level 5 in Earth Magic
 13989 | D:4      | Found a stormy altar of Qazlal.
 14095 | D:5      | Bought a Young Poisoner's Handbook for 200 gold pieces
 14098 | D:5      | Learned a level 2 spell: Poisonous Vapours
 14711 | D:8      | Found a burning altar of Makhleb.
 16031 | D:8      | Noticed a lindwurm
 16032 | D:8      | Noticed a lindwurm
 16033 | D:8      | Noticed a lindwurm
 16037 | D:8      | Noticed a lindwurm
 16608 | D:8      | Killed a lindwurm
 16638 | D:8      | Killed a lindwurm
 16837 | D:8      | Killed a lindwurm
 16837 | D:8      | Reached **** piety under Okawaru
 16853 | D:8      | Killed a lindwurm
 17670 | D:9      | Reached XP level 11. HP: 71/71 MP: 16/18
 17828 | D:9      | Found a staircase to the Orcish Mines.
 17837 | D:9      | Noticed Harold
 17915 | D:9      | Killed Harold
 18184 | D:9      | Noticed a boulder beetle
 18762 | D:9      | Killed a boulder beetle
 18763 | D:9      | Reached skill level 10 in Transmutations
 18880 | D:10     | Entered Level 10 of the Dungeon
 18937 | D:10     | Found a shimmering altar of Xom.
 19003 | D:10     | Noticed Erica
 19008 | D:10     | Killed Erica
 19112 | D:10     | Noticed Gastronok
 19169 | D:10     | Killed Gastronok
 19522 | D:10     | Reached skill level 10 in Earth Magic
 19750 | D:10     | Reached skill level 6 in Fighting
 19839 | D:10     | Reached ***** piety under Okawaru
 19874 | D:10     | Identified the +9 spear "Qirroag" {spect, rF+ Will+}
 20147 | D:10     | Found an ancient bone altar of Kikubaaqudgha.
 20372 | D:11     | Reached skill level 7 in Fighting
 20375 | D:11     | Received a gift from Okawaru
 20450 | D:11     | Noticed Psyche
 20816 | D:11     | Found a staircase to the Lair.
 20819 | D:11     | Noticed an oklob plant
 20866 | D:11     | Killed Psyche
 21418 | D:11     | Killed an oklob plant
 21419 | D:11     | Reached skill level 8 in Fighting
 21419 | D:11     | Reached XP level 12. HP: 82/82 MP: 13/19
 21577 | D:5      | Bought a book of Burglary for 200 gold pieces
 21577 | D:5      | Bought an Inescapable Atlas for 320 gold pieces
 21826 | Lair:1   | Entered Level 1 of the Lair of Beasts
 21846 | Lair:1   | Found a frozen archway.
 21859 | IceCv    | Entered an ice cave
 22552 | IceCv    | Reached skill level 9 in Fighting
 23042 | IceCv    | Learned a level 2 spell: Passwall
 23095 | IceCv    | Reached skill level 1 in Evocations
 23686 | IceCv    | Noticed a reaper
 23977 | IceCv    | Reached skill level 10 in Fighting
 24666 | Lair:1   | Found a transporter.
 24667 | Lair:1   | Noticed luigi's ghost (journeyman DrTm)
 24910 | Lair:1   | Found a transporter.
 26095 | Lair:2   | Found a staircase to the Swamp.
 26404 | Lair:2   | Noticed a death yak
 26425 | Lair:2   | Noticed a death yak
 26426 | Lair:2   | Noticed a death yak
 26429 | Lair:2   | Noticed a death yak
 26441 | Lair:2   | Killed a death yak
 26446 | Lair:2   | Killed a death yak
 26451 | Lair:2   | Killed a death yak
 26456 | Lair:2   | Killed a death yak
 26457 | Lair:2   | Reached XP level 13. HP: 92/92 MP: 8/20
 26461 | Lair:2   | Reached skill level 10 in Unarmed Combat
 28296 | Lair:3   | You fall into a shaft and drop 2 floors!
 28296 | Lair:5   | Entered Level 5 of the Lair of Beasts
 28521 | Lair:5   | Received a gift from Okawaru
 28600 | Lair:4   | Found a gate leading to a gauntlet.
 28614 | Gauntlet | Entered a Gauntlet
 28614 | Gauntlet | Found a transporter.
 28614 | Gauntlet | Found a transporter.
 28614 | Gauntlet | Found a transporter.
 28882 | Gauntlet | Found a transporter.
 28885 | Gauntlet | Found a transporter.
 28897 | Gauntlet | Found a transporter.
 28899 | Gauntlet | Found a transporter.
 28914 | Gauntlet | Found a transporter.
 28915 | Gauntlet | Found a transporter.
 28933 | Gauntlet | Found a transporter.
 28937 | Gauntlet | Found a transporter.
 28941 | Gauntlet | Noticed a reaper
 28951 | Gauntlet | Found a transporter.
 29366 | Gauntlet | Identified the +1 cloak of Iguocramu {Regen+ Int+3}
 29374 | Gauntlet | Killed a reaper
 29715 | Gauntlet | Identified the ring "Ajabil" {Str+6 Int+4}
 29881 | Gauntlet | Noticed a minotaur
 29894 | Gauntlet | Killed a minotaur
 29965 | Gauntlet | Got the Collected Works on Transportation
 30051 | Lair:3   | Reached skill level 11 in Fighting
 30144 | Lair:3   | Identified the +9 halberd of the Equinox {god gift, holy,
                  | rF+ rCorr Str+3 Int-2} (Okawaru gifted it to you on level 3
                  | of the Lair of Beasts)
 30144 | Lair:3   | Received a gift from Okawaru
 30309 | Lair:3   | Found a hole to the Spider Nest.
 30628 | Lair:3   | Reached skill level 12 in Fighting
 31021 | Lair:4   | Noticed Sonja
 31042 | Lair:4   | Killed Sonja
 31043 | Lair:4   | Reached XP level 14. HP: 104/104 MP: 13/21
 31058 | Lair:4   | Reached skill level 13 in Fighting
 31120 | Lair:4   | Noticed Snorg
 31221 | Lair:4   | Killed Snorg
 31222 | Lair:4   | Reached skill level 14 in Fighting
 31315 | Lair:4   | Found a staircase to the Slime Pits.
 31473 | Lair:4   | Found a transporter.
 31475 | Lair:4   | Noticed Omooseq's ghost (journeyman BaHu)
 31487 | Lair:4   | Identified the ring of Archulah {*Slow rC++ Will+ Str+6}
 31509 | Lair:4   | Found a transporter.
 31531 | Lair:4   | Received a gift from Okawaru
 32148 | Lair:5   | Reached skill level 15 in Fighting
 32404 | Lair:4   | Reached skill level 10 in Stealth
 32775 | Lair:5   | Reached skill level 10 in Dodging
 32943 | Lair:5   | Found a runed translucent door.
 32945 | Lair:5   | Noticed Newt's ghost (journeyman KoHu)
 32947 | Lair:5   | Identified the +5 spear of Armageddon {drain, rPois Str+2}
 33095 | Lair:5   | Identified the +2 buckler of Valiance {god gift, Harm rElec
                  | MP-9 Dex+3} (Okawaru gifted it to you on level 5 of the
                  | Lair of Beasts)
 33095 | Lair:5   | Received a gift from Okawaru
 33104 | Lair:5   | Reached skill level 16 in Fighting
 34170 | Lair:5   | Reached skill level 5 in Invocations
 34509 | Lair:5   | Identified the +1 pair of gloves of Fun {rElec}
 34923 | D:11     | Reached XP level 15. HP: 101/117 MP: 15/22
 35121 | D:11     | Reached skill level 1 in Shields
 35622 | D:12     | Noticed Erolcha
 35632 | D:12     | Killed Erolcha
 36531 | D:12     | Learned a level 4 spell: Olgreb's Toxic Radiance
 36641 | Orc:1    | Entered Level 1 of the Orcish Mines
 36642 | Orc:1    | Noticed Fannar
 36660 | Orc:1    | Killed Fannar
 36717 | Orc:1    | Found a dark tunnel.
 36726 | Volcano  | Entered a volcano
 36770 | Volcano  | Reached skill level 5 in Shields
 37249 | Orc:2    | Entered Level 2 of the Orcish Mines
 37251 | Orc:2    | Found Mosmaur's Armour Emporium.
 37261 | Orc:2    | Noticed Saint Roka
 37536 | Orc:1    | Killed Saint Roka
 37907 | Orc:2    | Found a staircase to the Elven Halls.
 38284 | Orc:2    | Reached skill level 10 in Invocations
 38311 | Orc:2    | Noticed Nergalle
 38315 | Orc:2    | Reached skill level 5 in Poison Magic
 38315 | Orc:2    | Killed Nergalle
 38317 | Orc:2    | Paralysed by an orc sorcerer for 4 turns
 38324 | Orc:2    | Noticed an orc warlord
 38329 | Orc:2    | Killed an orc warlord
 38329 | Orc:2    | Identified the +6 halberd of Vaschuit {god gift, freeze,
                  | rN+++ MP-9 Str+3 Dex+4} (Okawaru gifted it to you on level
                  | 2 of the Orcish Mines)
 38329 | Orc:2    | Received a gift from Okawaru
 38376 | Orc:2    | Noticed an orc warlord
 38386 | Orc:2    | Killed an orc warlord
 38522 | Orc:2    | Noticed an orc warlord
 38536 | Orc:2    | Killed an orc warlord
 38559 | Orc:2    | Reached XP level 16. HP: 92/124 MP: 25/25
 38707 | Orc:2    | Found Esson's Jewellery Shop.
 38727 | Orc:2    | Found Ucleg's Antique Armour Shop.
 38789 | Orc:2    | Bought a ring of willpower for 300 gold pieces
 38789 | Orc:2    | Bought a +4 ring of protection for 432 gold pieces
 38948 | Orc:2    | Got the Excursus on the Sepulchral Wendigo
 38954 | Orc:2    | Learned a level 4 spell: Manifold Assault
 39062 | Orc:2    | Found Genn's Antique Weapon Shop.
 39171 | Orc:2    | Found Tecyuff's General Store.
 39177 | Orc:2    | Bought a scroll of teleportation for 45 gold pieces
 39177 | Orc:2    | Bought a scroll of fog for 60 gold pieces
 39195 | Orc:2    | Bought a +5 ring of evasion for 432 gold pieces
 39455 | Orc:2    | Bought a ring of positive energy for 240 gold pieces
 39673 | D:13     | Identified the +3 buckler of Purpose {god gift, Harm rF+++}
                  | (Okawaru gifted it to you on level 13 of the Dungeon)
 39673 | D:13     | Received a gift from Okawaru
 39728 | D:13     | Noticed Rupert
 39877 | D:13     | Killed Rupert
 40295 | D:13     | Reached skill level 1 in Translocations
 40612 | D:14     | Found a sparkling altar of Nemelex Xobeh.
 41324 | D:14     | Found a gate to the Vaults.
 41530 | D:15     | Entered Level 15 of the Dungeon
 41530 | D:15     | Found Jayhy's Jewellery Boutique.
 41709 | D:15     | Reached skill level 5 in Translocations
 41779 | D:15     | Identified the +4 kite shield of the Vestibule of Hell {god
                  | gift, rF+ Str+3} (Okawaru gifted it to you on level 15 of
                  | the Dungeon)
 41779 | D:15     | Received a gift from Okawaru
 41885 | D:15     | Identified the +6 spear of the Whelk {pain, rPois Dex+3}
 42025 | D:15     | Found a burning altar of Makhleb.
 42039 | D:15     | Reached skill level 10 in Spellcasting
 42073 | D:15     | Reached skill level 1 in Throwing
 42380 | D:15     | Found a staircase to the Depths.
 42393 | D:15     | Reached XP level 17. HP: 122/129 MP: 25/31
 42554 | D:15     | Reached skill level 5 in Evocations
 42928 | D:15     | Found a burning altar of Makhleb.
 42928 | D:15     | Found the +16 obsidian axe {drain, demonic, Mesm Drain Fly
                  | SInv}
 43128 | Lair:1   | Killed luigi's ghost
 43512 | Lair:4   | Killed Omooseq's ghost
 43698 | Lair:4   | Identified the +0 ice dragon scales "Patzigio" {Fly rPois
                  | rF- rC++ rN+++ Dex-2}
 43711 | Lair:4   | Identified the ring of Ewiuve {MP+9 Int+2}
 43796 | Lair:5   | Killed Newt's ghost
 44280 | Lair:3   | Learned a level 2 spell: Blink
 44327 | Spider:1 | Entered Level 1 of the Spider Nest
 44419 | Spider:1 | Noticed Mlioglotl
 44427 | Spider:1 | Killed Mlioglotl
 44465 | Spider:1 | You fall into a shaft and drop 1 floor!
 45212 | Spider:1 | Reached skill level 10 in Shields
 46798 | Spider:2 | Identified the +1 mace of Resourcefulness {god gift, heavy,
                  | rElec rPois Str+3 Dex+4} (Okawaru gifted it to you on level
                  | 2 of the Spider Nest)
 46798 | Spider:2 | Received a gift from Okawaru
 48339 | Spider:3 | Reached XP level 18. HP: 134/134 MP: 25/32
 48553 | Spider:4 | Entered Level 4 of the Spider Nest
 48560 | Spider:4 | Received a gift from Okawaru
 48896 | Spider:4 | Got the Omnibus of Maledictive Chilblains
 50299 | Spider:4 | Reached skill level 15 in Shields
 50484 | Spider:4 | Got a gossamer rune of Zot
 50839 | Swamp:1  | Entered Level 1 of the Swamp
 51020 | Swamp:1  | Identified the +0 hat of Rufel {god gift, rC++ rCorr}
                  | (Okawaru gifted it to you on level 1 of the Swamp)
 51020 | Swamp:1  | Received a gift from Okawaru
 51452 | Swamp:2  | Identified the +0 long sword of Fee Simple {heavy, Int+3}
 52124 | Swamp:3  | Noticed relicbr's ghost (adept SpDe)
 52145 | Swamp:3  | Found a transporter.
 52148 | Swamp:3  | Found a transporter.
 52171 | Swamp:3  | Noticed Nikola
 52188 | Swamp:3  | Killed Nikola
 52620 | Swamp:3  | Reached XP level 19. HP: 119/141 MP: 27/33
 53172 | Swamp:4  | Entered Level 4 of the Swamp
 54150 | Swamp:4  | Noticed a bone dragon
 54154 | Swamp:4  | HP: 1/141 [something (7)]
 54586 | Swamp:4  | Killed a bone dragon
 54745 | Swamp:4  | Got a decaying rune of Zot
 55015 | Vaults:1 | Entered Level 1 of the Vaults
 55196 | Vaults:1 | Received a gift from Okawaru
 55221 | Vaults:1 | Reached skill level 15 in Stealth
 56078 | Vaults:1 | Received a gift from Okawaru
 56432 | D:14     | Reached XP level 20. HP: 147/147 MP: 30/34
 56581 | Orc:2    | Bought a ring of protection from fire for 300 gold pieces
 56598 | Orc:2    | Bought a wand of quicksilver (6) for 378 gold pieces
 57276 | Vaults:2 | Reached ****** piety under Okawaru
 57499 | Vaults:2 | Identified the +0 hat of the Distant Future {god gift,
                  | rCorr} (Okawaru gifted it to you on level 2 of the Vaults)
 57499 | Vaults:2 | Received a gift from Okawaru
 58413 | Vaults:3 | Reached skill level 15 in Unarmed Combat
 58583 | Vaults:3 | Found a staircase to the Crypt.
 59524 | Vaults:4 | Identified the +0 falchion "Uwemi" {god gift, flame, Str+7
                  | Stlth+} (Okawaru gifted it to you on level 4 of the Vaults)
 59524 | Vaults:4 | Received a gift from Okawaru
 59666 | Vaults:4 | Reached XP level 21. HP: 153/153 MP: 29/35
 61214 | Vaults:4 | Learned a level 5 spell: Lee's Rapid Deconstruction
 61229 | Vaults:4 | Received a gift from Okawaru
 61238 | Vaults:4 | Learned a level 5 spell: Irradiate
 61706 | Elf:1    | Entered Level 1 of the Elven Halls
 61870 | Elf:1    | Found Iciuhino's Assorted Antiques.
 61878 | Elf:1    | Bought a scroll of enchant armour for 232 gold pieces
 61901 | Elf:1    | Reached skill level 15 in Dodging
 62240 | Elf:1    | Found Timo's Assorted Antiques.
 62240 | Elf:1    | Found Xifitt's General Store.
 62244 | Elf:1    | Found Tech's Assorted Antiques.
 62250 | Elf:1    | Bought a scroll of teleportation for 33 gold pieces
 62624 | Elf:1    | Got Reihiemi's Teachings on Outbursts
 62984 | Elf:2    | Found a shimmering blue altar of Sif Muna.
 63001 | Elf:2    | Identified the +3 halberd of Grace {freeze, Will+ Int+3
                  | Stlth-}
 63025 | Elf:2    | Found Kaatucz Aluo's Antique Armour Emporium.
 63103 | Elf:1    | Bought a condenser vane for 1000 gold pieces
 63296 | Elf:2    | Found a runed translucent door.
 63334 | Elf:2    | Identified the +0 tower shield of the Doldrums {god gift,
                  | Str+3} (Okawaru gifted it to you on level 2 of the Elven
                  | Halls)
 63334 | Elf:2    | Received a gift from Okawaru
 63349 | Elf:2    | Found a runed translucent door.
 64231 | Elf:3    | Entered Level 3 of the Elven Halls
 64384 | Elf:3    | Noticed monoptic's ghost (adept MiFi)
 64449 | Elf:3    | Found a runed translucent door.
 64479 | Elf:3    | Killed monoptic's ghost
 64500 | Elf:3    | Got the Opusculum on Detritus
 64619 | Elf:3    | Found Ucua's Jewellery Emporium.
 64619 | Elf:3    | Found Hejihuz's Magic Scroll Shoppe.
 64629 | Elf:3    | Bought a scroll of blinking for 135 gold pieces
 64685 | Elf:3    | Reached XP level 22. HP: 160/160 MP: 31/36
 64787 | Elf:3    | Found Katyima's Book Shoppe.
 64947 | Elf:3    | Reached skill level 15 in Invocations
 64954 | Elf:3    | Received a gift from Okawaru
 64990 | Arena    | Entered the Arena
 65716 | Elf:3    | Received a gift from Okawaru
 65751 | Elf:3    | Reached skill level 10 in Evocations
 65888 | Elf:3    | Reached skill level 1 in Conjurations
 65907 | Elf:3    | Identified the ring of Xyakleh {Contam Fly rPois rC- rCorr}
 66059 | Elf:3    | Bought a scroll of enchant armour for 135 gold pieces
 67070 | Depths:1 | Entered Level 1 of the Depths
 67091 | Depths:1 | Received a gift from Okawaru
 67322 | Depths:1 | Found a one-way gateway to a ziggurat.
 67418 | Depths:1 | Found Lacwa's Jewellery Shoppe.
 67420 | Depths:1 | Found Viusk's Book Boutique.
 67422 | Depths:1 | Found Lis Caeg's Jewellery Shoppe.
 67599 | Depths:1 | Found an ornate altar of the Wu Jian Council.
 67625 | Depths:1 | Found an opulent altar of Gozag.
 67644 | Depths:1 | Found Gozag's Platinum Reserve.
 67721 | Depths:1 | Found a gateway to Hell.
 67783 | Depths:1 | Found a one-way gate to the infinite horrors of the Abyss.
 67894 | Depths:1 | Found a one-way gate leading to the halls of Pandemonium.
 68063 | Depths:2 | Found Muamiull's Magic Scroll Boutique.
 68072 | Depths:2 | Reached skill level 5 in Conjurations
 68092 | Depths:2 | Bought a scroll of blinking for 135 gold pieces
 68092 | Depths:2 | Bought a scroll of enchant armour for 135 gold pieces
 68092 | Depths:2 | Bought a scroll of fear for 72 gold pieces
 68092 | Depths:2 | Bought a scroll of magic mapping for 135 gold pieces
 68092 | Depths:2 | Bought a scroll of magic mapping for 135 gold pieces
 68130 | Depths:2 | Found a glowing silver altar of Zin.
 68132 | Depths:2 | Found a white marble altar of Elyvilon.
 68135 | Depths:2 | Found a glowing golden altar of the Shining One.
 68157 | Depths:2 | Noticed Vv
 68202 | Depths:2 | Killed Vv
 68377 | Depths:2 | Reached XP level 23. HP: 165/165 MP: 30/37
 68506 | Depths:2 | Found Ycakk's Jewellery Shoppe.
 68571 | Depths:2 | Found Yfusorr's Jewellery Boutique.
 68596 | Depths:2 | Identified the +1 tower shield of the Furrier {god gift,
                  | Str+7 Dex+2} (Okawaru gifted it to you on level 2 of the
                  | Depths)
 68596 | Depths:2 | Received a gift from Okawaru
 69179 | Depths:3 | Learned a level 3 spell: Portal Projectile
 69197 | Depths:3 | Reached skill level 1 in Hexes
 69470 | Depths:3 | Reached skill level 15 in Transmutations
 69515 | Depths:3 | Found the +7 sceptre of Torment {pain, torment}
 70056 | Depths:3 | Reached skill level 5 in Hexes
 70060 | Depths:3 | Reached skill level 1 in Ranged Weapons
 70063 | Depths:3 | Identified a scroll of acquirement
 70063 | Depths:3 | Acquired the ring of the Swan {rElec Int+2 Slay+4}
 70103 | Depths:3 | Found a corrupted altar of Lugonu.
 70399 | Depths:4 | Entered Level 4 of the Depths
 70486 | Depths:4 | Reached skill level 5 in Ranged Weapons
 70656 | Depths:4 | Noticed a juggernaut
 70662 | Depths:4 | Killed a juggernaut
 70816 | Depths:4 | Received a gift from Okawaru
 70930 | Depths:4 | Reached skill level 10 in Ranged Weapons
 71054 | Depths:4 | Found a gate to the Realm of Zot.
 71094 | Depths:4 | Received a gift from Okawaru
 72643 | Swamp:3  | Killed relicbr's ghost
 73202 | Vaults:5 | Entered Level 5 of the Vaults
 73243 | Vaults:4 | Reached XP level 24. HP: 173/173 MP: 26/37
 73557 | Vaults:5 | Reached skill level 17 in Fighting
 73571 | Vaults:4 | Received a gift from Okawaru
 74033 | Vaults:4 | Reached skill level 18 in Fighting
 74035 | Vaults:4 | Received a gift from Okawaru
 74484 | Vaults:5 | Received a gift from Okawaru
 74688 | Vaults:5 | Reached skill level 19 in Fighting
 75008 | Vaults:5 | Received a gift from Okawaru
 75259 | Vaults:5 | Found Quist's Distillery.
 75285 | Vaults:5 | Found Supamedgh's Antique Armour Boutique.
 75400 | Vaults:5 | Identified the ring "Lunniusu" {Ice +Blink Will+}
 75551 | Vaults:5 | Got a silver rune of Zot
 75553 | Vaults:5 | Got the Tome of Nephomancy and Geology
 76423 | Depths:1 | Bought the ring of Divine Compulsion {rF+ Will+ rCorr} for
                  | 758 gold pieces
 76537 | Zot:1    | Entered Level 1 of the Realm of Zot
 76668 | Zot:1    | Reached skill level 20 in Fighting
 76732 | Zot:1    | You fall into a shaft and drop 1 floor!
 76840 | Zot:2    | Reached XP level 25. HP: 189/189 MP: 34/37
 76842 | Zot:2    | Received a gift from Okawaru
 77126 | Zot:1    | Identified the +0 hat of Naqit {god gift, Drain Dex+5}
                  | (Okawaru gifted it to you on level 1 of the Realm of Zot)
 77126 | Zot:1    | Received a gift from Okawaru
 78949 | Arena    | Entered the Arena
 80527 | Elf:3    | Bought the ring "Umef" {Fly rElec rF+ Slay+3} for 1022 gold
                  | pieces
 82548 | Zot:4    | Found a runed translucent door.
 82550 | Zot:4    | Noticed Meadakhi's ghost (master DgEE)
 82778 | Zot:5    | Entered Level 5 of the Realm of Zot
 83090 | Zot:5    | Noticed a Killer Klown
 83101 | Zot:5    | Killed a Killer Klown
 83134 | Zot:5    | Reached XP level 26. HP: 93/196 MP: 32/37
 84034 | Zot:5    | Noticed a dread lich
 84036 | Zot:5    | Noticed a dread lich
 84049 | Zot:5    | Killed a dread lich
 84050 | Zot:5    | Reached skill level 15 in Evocations
 84050 | Zot:5    | Noticed an orb of fire
 84051 | Zot:5    | Killed a dread lich
 84058 | Zot:5    | Killed an orb of fire
 84058 | Zot:5    | Received a gift from Okawaru
 84163 | Zot:5    | Noticed an orb of fire
 84416 | Zot:5    | Noticed a Killer Klown
 84432 | Zot:5    | Noticed an orb of fire
 84433 | Zot:5    | Noticed an orb of fire
 84434 | Zot:5    | Gained mutation: Your mind is acute. (Int +4, Str/Dex -1)
                  | [an orb of fire]
 84435 | Zot:5    | Gained mutation: You have hidden genetic defects. [an orb
                  | of fire]
 84437 | Zot:5    | Noticed an orb of fire
 84766 | Zot:4    | Lost mutation: Your mind is acute. (Int +4, Str/Dex -1)
                  | [potion of mutation]
 84766 | Zot:4    | Lost mutation: You have hidden genetic defects. [potion of
                  | mutation]
 84766 | Zot:4    | Gained mutation: You occasionally shout uncontrollably at
                  | your foes. [potion of mutation]
 84766 | Zot:4    | Lost mutation: You occasionally shout uncontrollably at
                  | your foes. [potion of mutation]
 84808 | Zot:5    | Noticed an orb of fire
 84813 | Zot:5    | Gained mutation: You expend magic power (3 MP) to
                  | strengthen your wands. [an orb of fire]
 84814 | Zot:5    | Gained mutation: You passively dampen the noise of your
                  | surroundings. [an orb of fire]
 84814 | Zot:5    | Gained mutation: Potions are less effective at restoring
                  | your health. [an orb of fire]
 84816 | Zot:5    | Gained mutation: Your body sometimes deteriorates upon
                  | taking damage. [an orb of fire]
 84819 | Zot:5    | Killed an orb of fire
 84819 | Zot:5    | Gained mutation: You occasionally lose the ability to drink
                  | potions when taking damage. [an orb of fire]
 84821 | Zot:5    | Killed an orb of fire
 84822 | Zot:5    | Gained mutation: You are vulnerable to cold. (rC-) [an orb
                  | of fire]
 84823 | Zot:5    | Gained mutation: You sometimes lose the ability to drink
                  | potions when taking damage. [an orb of fire]
 84828 | Zot:5    | Killed an orb of fire
 84832 | Zot:5    | Killed an orb of fire
 84833 | Zot:5    | Gained mutation: You are dopey. (Int -2) [an orb of fire]
 84837 | Zot:5    | Killed a Killer Klown
 84837 | Zot:5    | Received a gift from Okawaru
 84844 | Zot:5    | Killed an orb of fire
 85175 | Zot:5    | Noticed an orb of fire
 85182 | Zot:5    | Gained mutation: You are weak. (Str -2) [an orb of fire]
 85183 | Zot:5    | Gained mutation: You are very dopey. (Int -4) [an orb of
                  | fire]
 85187 | Zot:5    | Killed an orb of fire
 85415 | Zot:5    | Lost mutation: You are weak. (Str -2) [potion of mutation]
 85415 | Zot:5    | Lost mutation: You are very dopey. (Int -4) [potion of
                  | mutation]
 85415 | Zot:5    | Lost mutation: You passively dampen the noise of your
                  | surroundings. [potion of mutation]
 85415 | Zot:5    | Gained mutation: Your spells are a little harder to cast,
                  | but a little more powerful. [potion of mutation]
 85415 | Zot:5    | Gained mutation: You passively map a small area around you.
                  | [potion of mutation]
 85416 | Zot:5    | Lost mutation: Your spells are a little harder to cast, but
                  | a little more powerful. [potion of mutation]
 85416 | Zot:5    | Lost mutation: You expend magic power (3 MP) to strengthen
                  | your wands. [potion of mutation]
 85416 | Zot:5    | Lost mutation: Potions are less effective at restoring your
                  | health. [potion of mutation]
 85416 | Zot:5    | Gained mutation: Your system is resistant to poisons.
                  | (rPois) [potion of mutation]
 85753 | Zot:5    | Reached skill level 21 in Fighting
 86002 | Zot:5    | Noticed a Killer Klown
 86768 | Zot:5    | Killed a Killer Klown
 86768 | Zot:5    | Received a gift from Okawaru
 86769 | Zot:5    | Reached skill level 22 in Fighting
 87024 | Zot:5    | Lost mutation: Your system is resistant to poisons. (rPois)
                  | [potion of mutation]
 87024 | Zot:5    | Lost mutation: You sometimes lose the ability to drink
                  | potions when taking damage. [potion of mutation]
 87024 | Zot:5    | Lost mutation: You occasionally lose the ability to drink
                  | potions when taking damage. [potion of mutation]
 87024 | Zot:5    | Lost mutation: You are vulnerable to cold. (rC-) [potion of
                  | mutation]
 87033 | Zot:5    | Got the Orb of Zot
 87080 | Zot:5    | Noticed Duhaqyto the pandemonium lord
 87159 | Zot:1    | Noticed Calieti the pandemonium lord
 87181 | Zot:1    | Killed Calieti the pandemonium lord
 87394 | D:15     | Reached XP level 27. HP: 209/209 MP: 31/37
 87671 | D:$      | Escaped with the Orb!

Illustrated notes

Levels and vault maps discovered:
D:1:      nzn_arrival_depleted_hourglass, layout_basic
D:2:      layout_basic
D:3:      layout_basic, nicolae_overflow_crystal_walls,
          trog_three_pillars_becter, grunt_ministairs_5,
          kennysheep_generic_room_8
D:4:      layout_basic, mainiacjoe_overflow_catch_the_wave,
          nzn_hepliaklqana_mist_gate, minmay_temple_entry_tees
D:5:      layout_loops_ring, serial_co_window_serial, co_window_corner_a,
          co_window_paths_a, co_window_paths_b, co_window_paths_a,
          co_window_paths_a, co_window_corner_cb, co_window_corner_cb,
          co_window_unsneaky_path_d, co_window_cross_3, co_window_4corner_b,
          co_window_paths_d, glass_columns_a, glass_columns_a, glass_columns_b,
          glass_columns_a, glass_columns_a, serial_shops, shop, chequers_garden
D:6:      layout_cave_pools
D:7:      cheibrodos_fertilizer, layout_gridville, mainiacjoe_overflow_alcove_1,
          nicolae_uskayaw_en_pointe, grunt_temple_overflow_open,
          hellmonk_ghost_happy_afterlife, minmay_misc_feat_tower,
          serial_park_tiny_2, minmay_circle_x
D:8:      layout_loops_cross, amcnicky_altar_gilded, minmay_lindwurm_lava
D:9:      layout_small_grid, orc_0_dummy, uniq_harold
D:10:     layout_roguey, mainiacjoe_overflow_small_starburst,
          kennysheep_vampire_church, uniq_erica, uniq_gastronok
D:11:     layout_long_grid, dpeg_oklobed_lair, uniq_psyche
D:12:     layout_basic, minivault_8, uniq_erolcha
D:13:     layout_cross, uniq_rupert
D:14:     layout_roguey, hangedman_vaults_entry_quadrant_bands,
          nemelex_altar_shiori
D:15:     grunt_enter_depths_snipers, layout_irregular_city, serial_shops,
          nicolae_diamond_shop, serial_bayou_lagoon_a,
          grunt_guarded_unrand_obsidian_axe
Temple:   compressed_dpeg_circular_temple
Lair:1:   layout_regular_city, portal_ice_cave_entry_pillars_1,
          nzn_ghost_randoct, st_stairs_8, grunt_forest_stairs_basic
Lair:2:   layout_regular_city, minmay_swamp_entry_worms, grunt_megastairs_3
Lair:3:   layout_regular_city, nicolae_spider_entry_lesser_pyramids,
          infiniplex_staircase_pool_2
Lair:4:   layout_misc_corridors, minmay_slime_entry_jelly_boxes,
          gammafunk_ghost_berserking_beasts, serial_rivers,
          chequers_serial_rivers_micro_d, chequers_serial_rivers_small_b,
          chequers_serial_rivers_micro_c, chequers_serial_rivers_room_b,
          chequers_serial_rivers_large_a, gauntlet_entry_generic,
          small_statue_intersection, uniq_snorg, uniq_sonja
Lair:5:   grunt_lair_end_beastmaster, layout_regular_city,
          ebering_ghost_funeral_grove
Swamp:1:  layout_basic_swamp, evilmike_swamp_ruin_rubble_1, swamp_pool5,
          infiniplex_staircase_pool
Swamp:2:  layout_basic_swamp, hangedman_swamp_lotus, swamp_pool2,
          cheibrodos_swamp_witchery
Swamp:3:  layout_basic_swamp, gammafunk_ghost_arena,
          evilmike_swamp_ruin_house_5, uniq_nikola
Swamp:4:  swamp_pestilence, layout_basic_swamp, swamp_pool2
Spider:1: layout_spider_delve, hangedman_spider_tarantella_strand,
          uniq_mlioglotl
Spider:2: layout_spider_delve
Spider:3: layout_spider_delve
Spider:4: spider_rune_water, nicolae_looking_at_the_future
Orc:1:    layout_caves, enter_volcano_4, nicolae_orc_bridge_out, uniq_fannar
Orc:2:    grunt_orc_cross, layout_caves, basic_altar, serial_shops, shop,
          minmay_orc_treasury, uniq_saint_roka
Elf:1:    eino_elf_arrival_sip, layout_geoelf_diagonals, serial_shops,
          nicolae_lakefront_shop, minmay_elf_annihilation, minmay_shop_star
Elf:2:    elven_hall_of_blades_hangedman_original
          [nicolae_blade_entry_splitting_headache], layout_gridlike,
          serial_shops, nicolae_shop_stone, basic_altar, serial_glass,
          glass_columns_c, glass_columns_a
Elf:3:    minmay_elf_hall_spiked, layout_geoelf_diagonals,
          hellmonk_ghost_big_iron, serial_shops,
          nicolae_shop_temple_entry_statues_fountains, minmay_shoptagon
Vaults:1: nicolae_vaults_twisting_passages, grunt_vaults_trifunnel,
          v_alt_pattern_4, v_alt_pattern_6, nicolae_vaults_angled_halls,
          v_pattern_3, v_misc_9, nicolae_vaults_minivaults, grunt_vaults_swirl,
          nicolae_vaults_little_squares_6, v_alt_pattern_3,
          vaults_room_semicircle, nicolae_vaults_little_squares_2,
          layout_vaults_omnibox
Vaults:2: nicolae_vaults_lopsided_apartments, vaults_room_ringed_pool,
          nicolae_vaults_three_branches, vaults_room_hallway, v_misc_9,
          vaults_mumra_chevron_long, nicolae_vaults_theta, v_misc_18,
          nicolae_vaults_ring_of_whatevers, hangedman_vaults_slice,
          vaults_dpeg_cross, nicolae_vaults_yaktaur_gun_rack, layout_vaults_ring
Vaults:3: grunt_vaults_bifocal, hangedman_vaults_trim, hangedman_vaults_nails,
          minmay_crypt_entry_simple_corners, ontoclasm_vaults_fault,
          v_alt_pattern_4, nicolae_vaults_display_case, vaults_dpeg_spiral,
          nicolae_vaults_border_crossing, v_misc_30, layout_vaults_chaotic_city
Vaults:4: ontoclasm_vaults_chip, v_misc_30, v_alt_pattern_3,
          ontoclasm_vaults_shuriken, grunt_vaults_funnel,
          dpeg_vaults_monster_row, nicolae_vaults_big_ls,
          grunt_vaults_hallway_short, layout_vaults_omnigrid
Vaults:5: serial_shops
Depths:1: layout_gridlike, enter_ziggurat_f, nzn_wu_jian_council_hall,
          abyss_entry, rand_demon_pan_entry_4, hangedman_geh_valley,
          nicolae_gozag_zags_fifth_avenue, minmay_shop_grove
Depths:2: nicolae_cairo_tiling_very_big, layout_small_grid, good_gods_temple_1,
          pan_entry, hell_entry, serial_shops, nicolae_take_the_stairs, shop,
          nicolae_inconvenience_store, uniq_vv
Depths:3: dreamdust_hydra_shepherd, layout_gridlike, hellmouth_1,
          abyss_entry_flame_altar, kennysheep_big_empty_room,
          infiniplex_staircase_x
Depths:4: grunt_zot_entry_tricorne, layout_basic, serial_rivers,
          chequers_serial_rivers_micro_b, chequers_serial_rivers_micro_d,
          chequers_serial_rivers_large_b, chequers_serial_rivers_small_b,
          chequers_serial_rivers_micro_c, chequers_serial_rivers_micro_e,
          hell_entry
Zot:1:    layout_basic
Zot:2:    layout_misc_corridors, grunt_ministairs_14
Zot:3:    layout_onion_interference, grunt_ministairs_15
Zot:4:    layout_basic, ebering_ghost_inner_flame
Zot:5:    layout_gridlike

Skill      XL: |  1  2  3  4  5  6  7  8  9 10 11 12 13 14 15 16 17 18 19 20 21 22 23 24 25 26 |
---------------+-------------------------------------------------------------------------------+-----
Stealth        | 2 5 9 10 15 | 15.0
Fighting       | 2 3 5 8 10 12 16 20 22 | 22.6
Poison Magic   | 1 3 8 |  8.0
Transmutations | 3 4 6 9 10 11 12 13 15 | 15.0
Spellcasting   | 3 5 6 10 | 10.0
Unarmed Combat | 4 5 9 10 12 15 16 20 | 20.0
Invocations    | 2 6 10 14 15 | 15.0
Ice Magic      | 2 3 |  3.0
Dodging        | 5 8 10 12 15 | 15.0
Earth Magic    | 4 7 10 11 12 | 12.0
Air Magic      | 2 |  2.0
Evocations     | 2 4 5 10 13 15 | 15.0
Shields        | 5 12 15 17 | 17.0
Translocations | 7 |  7.0
Throwing       | 2 |  2.0
Conjurations   | 5 |  5.0
Hexes          | 5 |  5.0
Ranged Weapons | 13 | 13.4

Action                     |  1- 3 |  4- 6 |  7- 9 | 10-12 | 13-15 | 16-18 | 19-21 | 22-24 | 25-27 || total
---------------------------+-------+-------+-------+-------+-------+-------+-------+-------+-------++-------
  Melee: Unarmed           |    70 |   121 |   181 |   542 |   739 |   845 |   986 |   894 |   508 ||  4886
         Kick              |    27 |    28 |     6 |       |     5 |       |       |       |       ||    66
         Tentacles         |    10 |    21 |    13 |    72 |   174 |   240 |   293 |   318 |   166 ||  1307
         Constrict         |    17 |    24 |     3 |    37 |    84 |   139 |   157 |   156 |    93 ||   710
         Punch             |     1 |     3 |     1 |    10 |    64 |    88 |   125 |   148 |   118 ||   558
         Quarterstaff      |       |     3 |       |       |       |       |       |       |       ||     3
         Spear             |       |       |       |       |     4 |       |       |       |       ||     4
   Fire: Hand crossbow     |       |       |       |       |       |       |       |     3 |    13 ||    16
  Throw: Dart              |       |     2 |    14 |    28 |    18 |     1 |       |     2 |     3 ||    68
         Boomerang         |       |       |       |    26 |     1 |       |       |       |       ||    27
         Javelin           |       |       |       |     2 |       |       |       |       |       ||     2
         Throwing net      |       |       |       |     1 |     1 |     2 |       |     1 |       ||     5
   Cast: Beastly Appendage |    23 |    25 |     5 |     3 |     2 |     2 |     1 |     1 |       ||    62
         Wereblood         |     3 |     7 |     7 |    23 |    43 |    33 |    51 |    44 |    15 ||   226
         Spider Form       |       |     6 |     6 |     1 |       |       |       |       |       ||    13
         Ice Form          |       |       |    20 |    43 |    24 |       |       |       |       ||    87
         Poisonous Vapours |       |       |       |    27 |       |    48 |     2 |       |       ||    77
         Statue Form       |       |       |       |    21 |    71 |   123 |   102 |   101 |    86 ||   504
         Passwall          |       |       |       |       |     2 |       |       |     1 |       ||     3
         Olgreb's Toxic Ra |       |       |       |       |       |    31 |     8 |       |       ||    39
         Manifold Assault  |       |       |       |       |       |    24 |     5 |       |       ||    29
         Lee's Rapid Decon |       |       |       |       |       |       |       |       |     1 ||     1
         Portal Projectile |       |       |       |       |       |       |       |       |     1 ||     1
 Invoke: Heroism           |       |       |     4 |    26 |    19 |    18 |    13 |     9 |    10 ||    99
         Finesse           |       |       |       |       |     2 |     3 |     5 |     7 |     7 ||    24
         Duel              |       |       |       |       |       |       |       |     1 |     1 ||     2
  Evoke: Wand              |       |       |     1 |    30 |     3 |     4 |     6 |     4 |     9 ||    57
         Condenser vane    |       |       |       |       |       |       |       |     2 |     4 ||     6
         Lightning rod     |       |       |       |       |       |       |       |     1 |       ||     1
         Tin of tremorston |       |       |       |       |       |       |       |     3 |     6 ||     9
    Use: Scroll            |     4 |     9 |     8 |     9 |    10 |     8 |     3 |    13 |    17 ||    81
         Potion            |       |       |     2 |     8 |     5 |    11 |     3 |    10 |    14 ||    53
   Stab: Sleeping          |     6 |     8 |       |     6 |     9 |    13 |     9 |    15 |     6 ||    72
         Held in net/web   |       |       |       |       |     2 |       |       |       |       ||     2
         Distracted        |       |       |       |       |     3 |     1 |       |     2 |     1 ||     7
         Petrified         |       |       |       |       |     2 |       |       |       |       ||     2
         Petrifying        |       |       |       |       |     1 |       |       |       |       ||     1
         Invisible         |       |       |       |       |       |     4 |       |     2 |       ||     6
         Confused          |       |       |       |       |       |       |       |       |     1 ||     1
 Armour: Skin              |     4 |     7 |    29 |   208 |   333 |   424 |   326 |   269 |   167 ||  1767
  Dodge: Dodged            |    34 |    82 |    97 |   439 |  1065 |  1514 |  1043 |   980 |   391 ||  5645
  Block: Buckler           |       |       |       |       |   155 |   280 |       |       |       ||   435
         Reflection        |       |       |       |       |     6 |    16 |    29 |    45 |    11 ||   107
         Kite shield       |       |       |       |       |       |   514 |  1199 |  1238 |   392 ||  3343
         Tower shield      |       |       |       |       |       |       |       |       |   257 ||   257

Table legend: (Time is in decaauts)
 A = Elapsed time spent in this place.
 B = Non-inter-level travel time spent in this place.
 C = Inter-level travel time spent in this place.
 D = Time resting spent in this place.
 E = Time spent auto-exploring this place.
 F = Levels seen in this place.
 G = Mean time per level.
                   A        B        C        D        E       F      G
               +--------+--------+--------+--------+--------+-----+--------+
         Total |  98825 |  89362 |   9463 |  28736 |  42429 |  53 | 1864.6 |
       Dungeon |  30059 |  25691 |   4368 |   8501 |  12515 |  15 | 2003.9 |
        Temple |    228 |    185 |     43 |    100 |     77 |   1 |  228.0 |
          Lair |  11470 |  10376 |   1094 |   4051 |   4267 |   5 | 2294.0 |
         Swamp |   5373 |   4955 |    418 |   1252 |   2465 |   4 | 1343.2 |
   Spider Nest |   8062 |   7676 |    386 |   2818 |   3480 |   4 | 2015.5 |
  Orcish Mines |   3296 |   2930 |    366 |    851 |   1351 |   2 | 1648.0 |
   Elven Halls |   5698 |   5284 |    414 |    912 |   3043 |   3 | 1899.3 |
        Vaults |  11554 |  10500 |   1054 |   1835 |   6129 |   5 | 2310.8 |
        Depths |   6832 |   6151 |    681 |   1217 |   3644 |   4 | 1708.0 |
           Zot |  11485 |  10849 |    636 |   4028 |   4797 |   5 | 2297.0 |
      Ice Cave |   2709 |   2709 |      0 |   2086 |    189 |   1 | 2709.0 |
       Volcano |    512 |    512 |      0 |     90 |    197 |   1 |  512.0 |
      Gauntlet |   1485 |   1485 |      0 |    964 |    267 |   1 | 1485.0 |
         Arena |     54 |     54 |      0 |     26 |      4 |   2 |   27.0 |
               +--------+--------+--------+--------+--------+-----+--------+

Top non-repeatable levels by time:
     D:7: 4189 daAuts
   Zot:5: 4003 daAuts
Vaults:4: 3908 daAuts
  Lair:5: 3251 daAuts
     D:5: 2904 daAuts
     D:8: 2751 daAuts
Spider:4: 2730 daAuts
   IceCv: 2709 daAuts
  Lair:4: 2332 daAuts
Depths:4: 2331 daAuts
  Lair:2: 2317 daAuts
   Zot:2: 2227 daAuts
    D:12: 2211 daAuts
   Orc:2: 2209 daAuts
Vaults:1: 2137 daAuts
